[Event "*** SCC Grand Prix: Titled Tuesday Blitz"]
[Site "Chess.com"]
[Date "2020.07.21"]
[Round "2"]
[White "RodinMihail"]
[Black "Revnov"]
[Result "0-1"]
[WhiteElo "2485"]
[BlackElo "2728"]
[TimeControl "180+1"]
[EndTime "10:14:43 PDT"]
[Termination "Revnov won by resignation"]

1. e4 c5 2. Nf3 d6 3. d4 cxd4 4. Nxd4 Nf6 5. Nc3 a6 6. Qf3 g6 7.
h3 Bg7 8. Be3 O-O 9. O-O-O Nbd7 10. g4 Ne5 11. Qg3 Qc7 12. Nd5 Nxd5 13. exd5 Bd7 14. f4 Nc4 15. Bxc4 Qxc4 16. Kb1 Rfc8 17. Qg2 a5 18. h4 a4 19. a3 Ra5 20. h5 Rxd5 21. hxg6 hxg6 22. Nf3 Rxd1+ 23. Rxd1 Bc6 24. Rd2 Qe4 0-1

[Event "*** SCC Grand Prix: Titled Tuesday Blitz"]
[Site "Chess.com"]
[Date "2020.07.21"]
[Round "2"]
[White "Chopper1905"]
[Black "Zufi1811"]
[Result "0-1"]
[WhiteElo "2888"]
[BlackElo "2472"]
[TimeControl "180+1"]
[EndTime "10:14:44 PDT"]
[Termination "Zufi1811 won by resignation"]

1. f4 d5 2. Nf3 Nh6 3. b3 c5 4.
Bb2 Nc6 5. e3 Nf5 6. Bb5 Bd7 7.
O-O f6 8. Nc3 e6 9. e4 dxe4 10.
Nxe4 a6 11. Bd3 Be7 12. Re1 Qc7 13. Nxf6+ gxf6 14. Bxf5 exf5 15. Bxf6 Rf8 16. Bxe7 Nxe7 17. Ng5 Qd6 18. Nxh7 Rg8 19. Qh5+ Kd8 20. Ng5 Qxf4 21. Nf7+ Kc7 22. Re2 Qd4+ 0-1

[Event "*** SCC Grand Prix: Titled Tuesday Blitz"]
[Site "Chess.com"]
[Date "2020.07.21"]
[Round "2"]
[White "exoticprincess"]
[Black "dcremisi"]
[Result "1-0"]
[WhiteElo "2837"]
[BlackElo "2439"]
[TimeControl "180+1"]
[EndTime "10:14:44 PDT"]
[Termination "exoticprincess won by resignation"]

1. e4 e6 2. d4 d5 3. Nc3 dxe4 4. Nxe4 Bd7 5. c4 Bc6 6. Nc3 Nf6 7. Nf3 Bb4 8. Be3 O-O 9. Bd3 Ne4 10. O-O Nxc3 11.
bxc3 Bd6 12. c5 Be7 13. Ne5 Bf6 14. Nxc6 Nxc6 15. Rb1 Rb8 16. Be4 Qd7 17. g3 Rfd8 18.
Kg2 Na5 19. h4 b6 20. Qh5 g6 21. Qf3 Bg7 22. c6 Qe7 23. Bg5 f6 24. Bf4 Nc4 25.
Rfe1 Nd6 26. Bc2 Re8 27. Bb3 Qf7 28. Re2 b5 29. Bxd6 cxd6 30. Rbe1 Kh8 31. Rxe6 Rxe6 32. Rxe6 Qc7 33. Rxf6 Bxf6 34. Qxf6+ Qg7 35. Qxg7+ Kxg7 36. Be6 1-0

[Event "*** SCC Grand Prix: Titled Tuesday Blitz"]
[Site "Chess.com"]
[Date "2020.07.21"]
[Round "2"]
[White "Violord"]
[Black "Susal_De_Silva"]
[Result "1-0"]
[WhiteElo "2624"]
[BlackElo "2306"]
[TimeControl "180+1"]
[EndTime "10:14:50 PDT"]
[Termination "Violord won by resignation"]

1. Nf3 Nf6 2. g3 b6 3. Bg2 Bb7 4. O-O e6 5. d3 d5 6. Nbd2 Be7 7. e4 dxe4 8. dxe4 O-O 9. e5 Nfd7 10.
Re1 c5 11. c3 Qc7 12. Qe2 Nc6 13. Nf1 Rad8 14. h4 Rfe8 15. N1h2 f5 16. exf6 Bxf6 17. Ng4 e5 18. Ng5 h6 19. Qc4+ Kh8 20. Nf7+ Kh7 21.
Be4+ g6 22. h5 Nf8 23. Nxd8 Bxd8 24. Bxh6 Na5 25. Qe2 Bxe4 26. Qxe4 Qf7 27. Rad1 Bc7 28. Bxf8 Rxf8 29. hxg6+ Qxg6 30. Rd7+ 1-0

[Event "*** SCC Grand Prix: Titled Tuesday Blitz"]
[Site "Chess.com"]
[Date "2020.07.21"]
[Round "2"]
[White "fighter2jz"]
[Black "Pavel_Mir"]
[Result "1-0"]
[WhiteElo "2805"]
[BlackElo "2337"]
[TimeControl "180+1"]
[EndTime "10:14:52 PDT"]
[Termination "fighter2jz won by resignation"]

1. e4 e5 2. Nf3 Nc6 3. Bb5 a6 4. Ba4 Nf6 5. d3 b5 6. Bb3 Be7 7. Nc3 O-O 8. Nd5 Bc5 9. c3 d6 10. Bg5 Be6 11. Nh4 Kh8 12. Qf3 h6 13. Nxf6 Ne7 14.
Qh5 Qc8 15. Bxh6 g6 1-0

[Event "*** SCC Grand Prix: Titled Tuesday Blitz"]
[Site "Chess.com"]
[Date "2020.07.21"]
[Round "2"]
[White "MergenKakabaev"]
[Black "Kezin_Roman"]
[Result "0-1"]
[WhiteElo "2483"]
[BlackElo "2726"]
[TimeControl "180+1"]
[EndTime "10:14:53 PDT"]
[Termination "Kezin_Roman won by resignation"]

1. e4 c5 2. Nf3 e6 3. d4 cxd4 4. Nxd4 Nc6 5. Nxc6 bxc6 6. Bd3 d5 7. Nd2 Nf6 8. O-O Be7 9. b3 O-O 10. Bb2 a5 11. Qe2 a4 12. Rab1 Qa5 13. e5 Nd7 14. f4 Nc5 15. f5 Nxd3 16. f6 Bc5+ 17. Kh1 Nxb2 18. Qg4 g6 19. Qf4 Re8 20. Nf3 Qb4 21.
c4 Nd3 22. Qh4 Bf8 23. Ng5 h6 24. Nf3 axb3 25. axb3 Ra2 0-1

[Event "*** SCC Grand Prix: Titled Tuesday Blitz"]
[Site "Chess.com"]
[Date "2020.07.21"]
[Round "2"]
[White "jonychess03"]
[Black "Mazetovic"]
[Result "0-1"]
[WhiteElo "2317"]
[BlackElo "2661"]
[TimeControl "180+1"]
[EndTime "10:14:54 PDT"]
[Termination "Mazetovic won by resignation"]

1. c4 Nf6 2. Nc3 e5 3. g3 Bb4 4. Bg2 O-O 5. d3 Bxc3+ 6. bxc3 Re8 7. e4 c6 8. Ne2 d5 9. cxd5 cxd5 10. O-O dxe4 11.
dxe4 Qxd1 12. Rxd1 Nc6 13. Bg5 Be6 14. Rab1 b6 15. f4 Rac8 16. Rb2 Na5 17. fxe5 Nd7 18. Nd4 Bg4 19. e6 fxe6 20. Nf3 Ne5 21. Rc2 0-1

[Event "*** SCC Grand Prix: Titled Tuesday Blitz"]
[Site "Chess.com"]
[Date "2020.07.21"]
[Round "2"]
[White "Alberquintin"]
[Black "Infernal_XaM"]
[Result "0-1"]
[WhiteElo "2475"]
[BlackElo "2979"]
[TimeControl "180+1"]
[EndTime "10:14:55 PDT"]
[Termination "Infernal_XaM won by resignation"]

1. c4 Nf6 2. Nc3 c5 3. Nf3 b6 4. g3 Bb7 5. Bg2 e6 6. O-O Be7 7. Re1 Ne4 8. Nxe4 Bxe4 9. d3 Bb7 10. e4 O-O 11. d4 cxd4 12. Nxd4 d6 13. b3 Nd7 14.
Bb2 a6 15. Rc1 Qc7 16. f4 Rac8 17. Kh1 Rfe8 18. Nc2 Bf6 19. Bxf6 Nxf6 20. Qd3 Qb8 21. Rcd1 Red8 22. Nd4 Qa8 23. h3 Nd7 24. Kh2 Nc5 25.
Qe3 Nd7 26. Rd2 Nc5 27. h4 Nd7 28. h5 Nf6 29. Bf3 h6 30. Kg2 Re8 31. e5 dxe5 32. Qxe5 Rcd8 33. Red1 Rxd4 0-1

[Event "*** SCC Grand Prix: Titled Tuesday Blitz"]
[Site "Chess.com"]
[Date "2020.07.21"]
[Round "2"]
[White "NikolaGry"]
[Black "InitiatingASC"]
[Result "1/2-1/2"]
[WhiteElo "2635"]
[BlackElo "2356"]
[TimeControl "180+1"]
[EndTime "10:14:59 PDT"]
[Termination "Game drawn by repetition"]

1. d4 Nf6 2. Nf3 e6 3. c3 c5 4. e3 cxd4 5. exd4 b6 6. Nbd2 Bb7 7. Bd3 Be7 8. O-O O-O 9. a4 a6 10. Re1 d6 11. Nf1 Nbd7 12. Ng3 Qc7 13. Bg5 Rfe8 14. Qe2 Qc6 15. h3 Nf8 16. Bxf6 Bxf6 17. Be4 Qc7 18. Nh5 Be7 19. Bxb7 Qxb7 20. Nf4 Ng6 21. Nxg6 hxg6 22. Qd3 b5 23. axb5 axb5 24. Nd2 b4 25. c4 Bf6 26. Ne4 Be7 27. Nd2 Rec8 28. Kh1 Bg5 29.
Ne4 Be7 30. Nd2 Bg5 31. Ne4 Be7 32. Nd2 1/2-1/2

[Event "*** SCC Grand Prix: Titled Tuesday Blitz"]
[Site "Chess.com"]
[Date "2020.07.21"]
[Round "2"]
[White "DanielMieles1985"]
[Black "mfwagnerpeixoto"]
[Result "1/2-1/2"]
[WhiteElo "2613"]
[BlackElo "2282"]
[TimeControl "180+1"]
[EndTime "10:14:59 PDT"]
[Termination "Game drawn by agreement"]

1. Nc3 c6 2. b3 d5 3. Bb2 Nf6 4. Nf3 g6 5. g3 Bg7 6. Bg2 O-O 7. O-O Bg4 8. h3 Bxf3 9. exf3 Nbd7 10. f4 e5 11.
fxe5 Nxe5 12. Re1 Ned7 13. Ne2 Re8 14. Nf4 Qb6 15. d3 Rxe1+ 16. Qxe1 Re8 17. Qd2 h6 18. Re1 Rxe1+ 19. Qxe1 Qc5 20. Qe2 Qa5 21. a4 g5 22.
Bxf6 Nxf6 23. Nh5 Nxh5 24. Qxh5 Qe1+ 25. Bf1 Bd4 26. Qe2 Qxe2 27. Bxe2 Be5 1/2-1/2

[Event "*** SCC Grand Prix: Titled Tuesday Blitz"]
[Site "Chess.com"]
[Date "2020.07.21"]
[Round "2"]
[White "CakeinSpace2002"]
[Black "MusicCityMaster"]
[Result "0-1"]
[WhiteElo "2213"]
[BlackElo "2437"]
[TimeControl "180+1"]
[EndTime "10:15:05 PDT"]
[Termination "MusicCityMaster won by resignation"]

1. e4 c5 2. Nf3 d6 3. d4 cxd4 4. Qxd4 Bd7 5. Bg5 Nc6 6. Qd2 g6 7. Nc3 Bg7 8. O-O-O Nf6 9. Bh6 O-O 10. Bxg7 Kxg7 11. h4 h5 12. Ng5 Qa5 13. Bc4 Ne5 14.
Bb3 Rac8 15. f3 Nc4 16. Bxc4 Rxc4 17. e5 dxe5 18. g4 Rfc8 19. gxh5 Rxc3 20. h6+ Kg8 21. bxc3 Qa3+ 22. Kb1 Rc6 23. h7+ Kg7 24. h8=Q+ Kxh8 25. Nxf7+ Kg8 0-1

[Event "*** SCC Grand Prix: Titled Tuesday Blitz"]
[Site "Chess.com"]
[Date "2020.07.21"]
[Round "2"]
[White "Msb2"]
[Black "Alopekos"]
[Result "1-0"]
[WhiteElo "2845"]
[BlackElo "2339"]
[TimeControl "180+1"]
[EndTime "10:15:08 PDT"]
[Termination "Msb2 won by resignation"]

1. d4 Nf6 2. c4 e6 3. Nc3 d5 4.
cxd5 Nxd5 5. e4 Nxc3 6. bxc3 c5 7. Rb1 g6 8. h4 Bg7 9. Nf3 O-O 10. h5 Nc6 11. e5 cxd4 12. cxd4 Qa5+ 13. Bd2 Qd5 14.
Rb5 Qd8 15. Bg5 Qc7 16. Qd2 Ne7 17. Rc5 Nc6 18. Bf6 b6 19. Rc1 Bb7 20. Qg5 h6 21. Qf4 g5 22. Nxg5 Nxd4 23. Rxc7 1-0

[Event "*** SCC Grand Prix: Titled Tuesday Blitz"]
[Site "Chess.com"]
[Date "2020.07.21"]
[Round "2"]
[White "GMartin_Petrov"]
[Black "mariangie523"]
[Result "1-0"]
[WhiteElo "2610"]
[BlackElo "2022"]
[TimeControl "180+1"]
[EndTime "10:15:09 PDT"]
[Termination "GMartin_Petrov won by resignation"]

1. c4 Nf6 2. Nc3 c5 3. g3 g6 4. Bg2 Bg7 5. e4 d6 6. Nge2 O-O 7. O-O Nc6 8. d3 a6 9. Be3 Rb8 10. a4 e6 11. h3 Qc7 12. Rc1 b6 13. d4 cxd4 14.
Nxd4 Nxd4 15. Bxd4 Bb7 16. Qe2 Rbc8 17. b3 Rfd8 18.
Rfd1 Ne8 19. Qe3 Bxd4 20. Qxd4 Qc5 21. Rd2 Qxd4 22. Rxd4 Kf8 23. Rcd1 Ke7 24. f4 Nf6 25. e5 dxe5 26. fxe5 Rxd4 27. exf6+ Kxf6 28. Rxd4 Bxg2 29. Kxg2 1-0

[Event "*** SCC Grand Prix: Titled Tuesday Blitz"]
[Site "Chess.com"]
[Date "2020.07.21"]
[Round "2"]
[White "mbachez"]
[Black "GigaQuparadze"]
[Result "0-1"]
[WhiteElo "2428"]
[BlackElo "2865"]
[TimeControl "180+1"]
[EndTime "10:15:09 PDT"]
[Termination "GigaQuparadze won by resignation"]

1. e4 c5 2. Nf3 a6 3. c3 d5 4.
exd5 Qxd5 5. d4 Nf6 6. Be2 e6 7. O-O Be7 8. Na3 O-O 9. Nc4 Nbd7 10. Be3 b5 11. Nfe5 bxc4 12. Bf3 Ne4 13. Qc2 f5 14.
Rad1 Nxe5 15. dxe5 Qc6 16. Rfe1 Bb7 17. Qe2 Qb5 18.
Qf1 Bd5 19. Be2 Qxb2 20. Bxc4 Nxc3 21. Rd2 Qb7 22. f3 Bxc4 23. Qxc4 Nd5 24. Bf2 Qb5 25. Qc1 Rab8 26. Rc2 Rfc8 27. Rd1 c4 28. g3 c3 29. g4 fxg4 30. fxg4 Bc5 0-1

[Event "*** SCC Grand Prix: Titled Tuesday Blitz"]
[Site "Chess.com"]
[Date "2020.07.21"]
[Round "2"]
[White "LyonBeast"]
[Black "Sashadav97"]
[Result "1-0"]
[WhiteElo "3012"]
[BlackElo "2596"]
[TimeControl "180+1"]
[EndTime "10:15:10 PDT"]
[Termination "LyonBeast won by resignation"]

1. Nf3 c5 2. e3 d5 3. d4 cxd4 4.
exd4 g6 5. c3 Bg7 6. Bf4 Nf6 7.
Bd3 Bf5 8. Bxf5 gxf5 9. Qb3 Qc8 10. Nbd2 Nc6 11. O-O e6 12. Bd6 Bf8 13. Bxf8 Kxf8 14. c4 Kg7 15. Ne5 Rf8 16. Rac1 Nxd4 17. Qe3 1-0

[Event "*** SCC Grand Prix: Titled Tuesday Blitz"]
[Site "Chess.com"]
[Date "2020.07.21"]
[Round "2"]
[White "MNyuyu"]
[Black "Spartakus1975"]
[Result "1-0"]
[WhiteElo "2430"]
[BlackElo "2651"]
[TimeControl "180+1"]
[EndTime "10:15:13 PDT"]
[Termination "MNyuyu won by resignation"]

1. d4 d5 2. Nf3 Nf6 3. Bf4 c5 4.
e3 Nc6 5. c3 Qb6 6. Na3 a6 7.
Qb3 Qa7 8. dxc5 e6 9. Bd6 Bxd6 10. cxd6 O-O 11. Nc2 e5 12. Be2 Rd8 13. Qa3 Bf5 14. Rc1 Qb8 15. O-O Qxd6 16. Qxd6 Rxd6 17. Rfd1 Rad8 18.
h3 h6 19. Nce1 g5 20. Nd2 Kg7 21. Nb3 a5 22. Nc5 Bc8 23. a4 b6 24. Nb3 Be6 25. Nd2 d4 26. cxd4 exd4 27. e4 Nb4 28. e5 Rd5 29.
exf6+ Kxf6 30. Bc4 Rc5 31. Ne4+ Ke7 32. Nxc5 1-0

[Event "*** SCC Grand Prix: Titled Tuesday Blitz"]
[Site "Chess.com"]
[Date "2020.07.21"]
[Round "2"]
[White "chessplayer9919"]
[Black "AniJak"]
[Result "1-0"]
[WhiteElo "2634"]
[BlackElo "2308"]
[TimeControl "180+1"]
[EndTime "10:15:13 PDT"]
[Termination "chessplayer9919 won by resignation"]

1. c4 e5 2. Nc3 Nc6 3. Nf3 d6 4. e4 g6 5. Be2 Bg7 6. O-O Nge7 7. d3 O-O 8. Rb1 h6 9. b4 f5 10. b5 Nd4 11. Nxd4 exd4 12. Nd5 c6 13. Nxe7+ Qxe7 14. bxc6 bxc6 15. exf5 Bxf5 16. Bf3 Rac8 17. Re1 Qf7 18. Ba3 Rfd8 19. Rb2 Kh7 20. Be4 Bxe4 21. Rxe4 d5 22.
cxd5 Qxd5 23. Rbe2 c5 24. Re7 Rd7 25. h4 Rxe7 26.
Rxe7 Qxa2 27. Qa4 Rf8 28. f3 Qb1+ 29. Kh2 Qb8+ 30. Kh1 Qb1+ 31. Kh2 Qb8+ 32. Kh3 Qc8+ 33. Kg3 Qb8+ 34. Kf2 Qf4 35. Qd7 Qxh4+ 36. Ke2 Qf6 37.
Bxc5 Kh8 38. Rxg7 Qxg7 39. Bxd4 Qxd4 40. Qxd4+ Kg8 41. Qxa7 1-0

[Event "*** SCC Grand Prix: Titled Tuesday Blitz"]
[Site "Chess.com"]
[Date "2020.07.21"]
[Round "2"]
[White "Smile2005"]
[Black "MVM2008"]
[Result "0-1"]
[WhiteElo "2402"]
[BlackElo "2170"]
[TimeControl "180+1"]
[EndTime "10:15:19 PDT"]
[Termination "MVM2008 won by resignation"]

1. Nf3 c5 2. g3 b6 3. Bg2 Bb7 4.
O-O d6 5. d3 e6 6. e4 g6 7. Nc3 Bg7 8. Bg5 Ne7 9. Qd2 h6 10.
Be3 Nbc6 11. d4 cxd4 12. Nxd4 g5 13. Rac1 Ne5 14. Qe2 a6 15. Rcd1 b5 16. b3 Rc8 17. Nb1 Qc7 18. f4 gxf4 19. gxf4 N5c6 20. Nxc6 Nxc6 21. Rd2 O-O 22. Rfd1 Rcd8 23. a3 Kh8 24. Qf2 Rg8 25. Bb6 Qe7 26. Bxd8 Nxd8 27. Rxd6 f5 28. Rd7 Qe8 29. Rxd8 Qxd8 30. Rxd8 Rxd8 31. Nd2 Bd4 32. exf5 Bxf2+ 0-1

[Event "*** SCC Grand Prix: Titled Tuesday Blitz"]
[Site "Chess.com"]
[Date "2020.07.21"]
[Round "2"]
[White "Speshka"]
[Black "GGfrances"]
[Result "0-1"]
[WhiteElo "2230"]
[BlackElo "2448"]
[TimeControl "180+1"]
[EndTime "10:15:20 PDT"]
[Termination "GGfrances won by resignation"]

1. e4 c5 2. Nf3 g6 3. c3 Bg7 4. d4 cxd4 5. cxd4 d5 6. e5 Bg4 7. Nc3 Nc6 8. Be2 Nh6 9. h3 Bxf3 10. Bxf3 Nf5 11. Bxd5 Nfxd4 12. O-O Bxe5 13. Bh6 e6 14.
Be4 Qh4 15. Be3 O-O 16. Qa4 Rfd8 17. Rfd1 a6 18. Qc4 Nc2 19. Bb6 Nxa1 20. Rb1 Nc2 21. Bxd8 Rxd8 22. g3 Bxg3 23. fxg3 Qxg3+ 24. Bg2 Qxg2+ 25. Kxg2 Ne3+ 26. Kf3 Nxc4 0-1

[Event "*** SCC Grand Prix: Titled Tuesday Blitz"]
[Site "Chess.com"]
[Date "2020.07.21"]
[Round "2"]
[White "ChessWarrior7197"]
[Black "Hanging_pointer"]
[Result "1-0"]
[WhiteElo "2869"]
[BlackElo "2566"]
[TimeControl "180+1"]
[EndTime "10:15:23 PDT"]
[Termination "ChessWarrior7197 won by checkmate"]

1. e4 c5 2. Nf3 d6 3. d4 c4 4. Bxc4 a6 5. O-O b5 6. Bb3 Bb7 7. Re1 e6 8. a4 b4 9. d5 e5 10. a5 Nd7 11. Ba4 Be7 12. Bd2 Nf6 13. Bxb4 O-O 14. Nc3 Rc8 15. Qd3 Nc5 16. Bxc5 Rxc5 17.
b4 Rc8 18. Ne2 Qc7 19. Bb3 Nd7 20. c4 g6 21. Ng3 Qb8 22. Rab1 Nf6 23. Ba4 Ne8 24.
c5 Ng7 25. c6 Ba8 26. Qxa6 f5 27. b5 f4 28. Nf1 g5 29. b6 g4 30. b7 Rce8 31.
bxa8=Q Qxa8 32. Qxa8 Rxa8 33. N3d2 Rxa5 34. Bb5 Nh5 35.
c7 Rc8 36. Rec1 Ra7 37. Bd7 Rcxc7 38. Bxg4 Nf6 39. Bf5 Kg7 40. g3 fxg3 41. hxg3 Ng8 42. Nf3 Nf6 43. Ne3 Bf8 44. Rc6 Rcb7 45. Rxb7+ Rxb7 46. Ng5 Kh6 47. Ne6 Be7 48. Kg2 Nh5 49. Ng4# 1-0

[Event "*** SCC Grand Prix: Titled Tuesday Blitz"]
[Site "Chess.com"]
[Date "2020.07.21"]
[Round "2"]
[White "Shubinkirill2003"]
[Black "Omk124"]
[Result "1-0"]
[WhiteElo "2657"]
[BlackElo "2345"]
[TimeControl "180+1"]
[EndTime "10:15:23 PDT"]
[Termination "Shubinkirill2003 won by resignation"]

1. e4 g6 2. d4 Bg7 3. Nf3 c6 4. Nc3 d6 5. Be3 Nf6 6. Qd2 Qa5 7. h4 Nbd7 8. Bd3 e5 9. Bh6 Bxh6 10. Qxh6 exd4 11.
Nxd4 Qh5 12. Qxh5 Nxh5 13. g3 Ne5 14. Be2 Nf6 15. O-O-O O-O 16. Rd2 Bg4 17. f4 Bxe2 18. fxe5 dxe5 19. Ndxe2 b5 20. Rf1 Ng4 21. Rd6 Rac8 22.
Nd1 f5 23. exf5 gxf5 24. Kd2 Nf6 25. Ke1 Ne4 26. Re6 Rcd8 27. Rxe5 Rd2 28. Rxe4 Rxd1+ 29. Kxd1 fxe4 30. Rxf8+ Kxf8 31. Kd2 1-0

[Event "*** SCC Grand Prix: Titled Tuesday Blitz"]
[Site "Chess.com"]
[Date "2020.07.21"]
[Round "2"]
[White "GiantThresher"]
[Black "GMJustin"]
[Result "0-1"]
[WhiteElo "2508"]
[BlackElo "2296"]
[TimeControl "180+1"]
[EndTime "10:15:31 PDT"]
[Termination "GMJustin won by resignation"]

1. e4 e5 2. Nf3 Nc6 3. Nc3 Nf6 4. Be2 d5 5. exd5 Nxd5 6. O-O Nxc3 7. bxc3 e4 8. Ne1 Bd6 9. f3 Bf5 10. Rb1 O-O 11.
fxe4 Bxe4 12. Bf3 Bxf3 13. Nxf3 b6 14. d4 Na5 15. Qd3 h6 16. c4 c5 17. d5 Qd7 18.
Bb2 Qg4 19. Nd2 Rae8 20. Rbe1 Bxh2+ 21. Kh1 Rxe1 22. Rxe1 Bg3 23. Re4 Qh5+ 24. Kg1 Qh2+ 25. Kf1 Qh1+ 26. Ke2 Qe1+ 27. Kf3 Qf2+ 0-1

[Event "*** SCC Grand Prix: Titled Tuesday Blitz"]
[Site "Chess.com"]
[Date "2020.07.21"]
[Round "2"]
[White "1f3_2g41-0"]
[Black "pfalcon1949"]
[Result "1-0"]
[WhiteElo "2367"]
[BlackElo "2000"]
[TimeControl "180+1"]
[EndTime "10:15:31 PDT"]
[Termination "1f3_2g41-0 won on time"]

1. e4 e6 2. d4 d5 3. Nc3 Bb4 4. exd5 exd5 5. Bd3 Ne7 6. Nf3 Nbc6 7. O-O Bg4 8. h3 Bh5 9. Be3 O-O 10. Bxh7+ Kh8 11.
Bd3 a6 12. a3 Bxc3 13. bxc3 Qd6 14. Be2 Bg6 15. Nh4 Be4 16. Bd3 Qf6 17. Bxe4 Qxh4 18. Bf3 Nf5 19. Bd2 Rad8 20. Re1 Kg8 21. Bg4 Nd6 22. Bf3 Ne7 23. Qc1 1-0

[Event "*** SCC Grand Prix: Titled Tuesday Blitz"]
[Site "Chess.com"]
[Date "2020.07.21"]
[Round "2"]
[White "evgchess5"]
[Black "varacalli"]
[Result "1-0"]
[WhiteElo "2803"]
[BlackElo "2333"]
[TimeControl "180+1"]
[EndTime "10:15:35 PDT"]
[Termination "evgchess5 won by checkmate"]

1. e4 e5 2. Nf3 Nc6 3. Bc4 Bc5 4. O-O Nf6 5. d3 d6 6. c3 h6 7. Bb3 Bb6 8. Nbd2 Ne7 9. Nc4 Ng6 10. h3 O-O 11. a4 c6 12. Nxb6 Qxb6 13. Be3 Qd8 14.
Re1 Nh5 15. d4 Qf6 16. Nxe5 dxe5 17. Qxh5 Be6 18. Bc2 Rfe8 19. Rad1 Rad8 20. dxe5 Nxe5 21. Rxd8 Rxd8 22. Bd4 g5 23. b4 a6 24. a5 Qg6 25.
Qxg6+ Nxg6 26. Bd3 Ne5 27. Bf1 Nc4 28. f3 Na3 29. Kf2 Nb5 30. Ke3 Na3 31. Rc1 Nc4+ 32.
Kf2 Kh7 33. Be2 Kg6 34. Rh1 h5 35. h4 g4 36. f4 f5 37. exf5+ Kxf5 38. Bd3+ Kxf4 39.
g3# 1-0

[Event "*** SCC Grand Prix: Titled Tuesday Blitz"]
[Site "Chess.com"]
[Date "2020.07.21"]
[Round "2"]
[White "dodorox"]
[Black "Mikasinski"]
[Result "0-1"]
[WhiteElo "2143"]
[BlackElo "2412"]
[TimeControl "180+1"]
[EndTime "10:15:35 PDT"]
[Termination "Mikasinski won by resignation"]

1. d4 Nf6 2. c4 g6 3. Nc3 Bg7 4. e4 d6 5. Nf3 O-O 6. h3 e5 7. d5 Nh5 8. g3 f5 9. exf5 gxf5 10. Nh4 Nf6 11. Bg5 Na6 12. Qd2 f4 13. gxf4 h6 14. Bxf6 Qxf6 15. Nf3 Qxf4 16. Qxf4 Rxf4 17.
Be2 Bf5 18. O-O-O e4 19. Nd4 Bxd4 20. Rxd4 Rxf2 21. Rg1+ Kh8 22. Bd1 Nc5 23. Nxe4 Bxe4 0-1

[Event "*** SCC Grand Prix: Titled Tuesday Blitz"]
[Site "Chess.com"]
[Date "2020.07.21"]
[Round "2"]
[White "Irochka83"]
[Black "mikheeva86"]
[Result "1-0"]
[WhiteElo "2352"]
[BlackElo "1908"]
[TimeControl "180+1"]
[EndTime "10:15:35 PDT"]
[Termination "Irochka83 won by resignation"]

1. d4 Nf6 2. c4 e6 3. Nc3 d5 4.
cxd5 exd5 5. Bg5 Nbd7 6. e3 Be7 7. Bd3 O-O 8. Nge2 c6 9. O-O Re8 10. f3 Nf8 11. Bh4 Ne6 12. Bf2 b6 13. Qd2 Bb7 14.
h3 Rc8 15. e4 c5 16. e5 Nd7 17. f4 g6 18. f5 gxf5 19. Bxf5 Bg5 20. Qd3 Ndf8 21.
Qg3 Kh8 22. Rad1 Ng6 23. Be3 Bxe3+ 24. Qxe3 cxd4 25. Nxd4 Rc4 26. Nxe6 fxe6 27. Bxg6 hxg6 28. Qh6+ Kg8 29. Qxg6+ Kh8 30. Rf7 1-0

[Event "*** SCC Grand Prix: Titled Tuesday Blitz"]
[Site "Chess.com"]
[Date "2020.07.21"]
[Round "2"]
[White "INDIAN-ELEPHANT"]
[Black "Steven_Rojas"]
[Result "1-0"]
[WhiteElo "2743"]
[BlackElo "2393"]
[TimeControl "180+1"]
[EndTime "10:15:37 PDT"]
[Termination "INDIAN-ELEPHANT won by resignation"]

1. d4 e6 2. Nf3 Nf6 3. c4 d5 4. g3 Be7 5. Bg2 O-O 6. O-O dxc4 7. Qa4 a6 8. Qxc4 b5 9. Qc2 Bb7 10. Bf4 Bd6 11. Bg5 Nbd7 12. Nbd2 Rc8 13. Nb3 Be4 14.
Qxe4 Nxe4 15. Bxd8 Rfxd8 16. Ne5 Bxe5 17. Bxe4 Bd6 18.
Na5 c5 19. Nb7 Nf6 20. Nxd8 Nxe4 21. Nb7 cxd4 22. f3 Rc7 23. Nxd6 Nxd6 24. Rac1 Rc4 25. b3 Rxc1 26. Rxc1 Kf8 27. Rc6 Ke7 28. Rxa6 e5 29.
a4 bxa4 30. bxa4 f5 31. a5 e4 32. fxe4 fxe4 33. Ra7+ Kf6 34. a6 d3 35. exd3 exd3 36. Kf2 Ne4+ 37. Ke3 d2 38. Ke2 Nc5 39. Kxd2 Nxa6 40. Rxa6+ Kg5 41. Ra7 Kg4 42. Rxg7+ 1-0

[Event "*** SCC Grand Prix: Titled Tuesday Blitz"]
[Site "Chess.com"]
[Date "2020.07.21"]
[Round "2"]
[White "OrtizAnahi2001"]
[Black "CaspiIsrael"]
[Result "0-1"]
[WhiteElo "2273"]
[BlackElo "2621"]
[TimeControl "180+1"]
[EndTime "10:15:38 PDT"]
[Termination "CaspiIsrael won by resignation"]

1. d4 Nf6 2. c4 e6 3. Nc3 Bb4 4.
e3 O-O 5. a3 Bxc3+ 6. bxc3 Nc6 7. Bd3 b6 8. Ne2 Ba6 9. O-O Na5 10. c5 Bxd3 11. Qxd3 bxc5 12. dxc5 Nb3 13. Rb1 Nxc5 14.
Qc4 d6 15. a4 Qd7 16. a5 Rfb8 17. Ba3 Qa4 18. Qxa4 Nxa4 19. c4 Ne4 20. Rb4 Rxb4 21. Bxb4 Rb8 22. Ba3 Rb3 23. Bc1 c5 24. Rd1 Kf8 25.
Kf1 Rb1 26. Re1 Ke7 27. f3 Nf6 28. e4 Rb4 29. Bf4 e5 30. Bg5 Rxc4 31. Rd1 a6 32. Kf2 Rc2 33. Rb1 Rxe2+ 34. Kf1 Rb2 0-1

[Event "*** SCC Grand Prix: Titled Tuesday Blitz"]
[Site "Chess.com"]
[Date "2020.07.21"]
[Round "2"]
[White "KratosKrieg"]
[Black "XiaoKangZhong"]
[Result "0-1"]
[WhiteElo "1923"]
[BlackElo "2355"]
[TimeControl "180+1"]
[EndTime "10:15:38 PDT"]
[Termination "XiaoKangZhong won by resignation"]

1. e4 c6 2. d4 d5 3. exd5 cxd5 4. Bd3 Nc6 5. c3 e5 6. dxe5 Nxe5 7. Nf3 Nxd3+ 8. Qxd3 Nf6 9. O-O Be7 10. Bg5 O-O 11.
Nbd2 Qd6 12. h3 a6 13. a4 Bd7 14. a5 Bb5 15. Qf5 Bxf1 16. Rxf1 h6 17. Bf4 Qd7 18. Qd3 Bd6 19. Be3 Rfe8 20. Nd4 Bc5 21. N2b3 Ne4 22.
f3 Bxd4 23. Nxd4 Nd6 24. Qd2 Nc4 0-1

[Event "*** SCC Grand Prix: Titled Tuesday Blitz"]
[Site "Chess.com"]
[Date "2020.07.21"]
[Round "2"]
[White "XDPS"]
[Black "Logman74"]
[Result "1-0"]
[WhiteElo "2725"]
[BlackElo "2326"]
[TimeControl "180+1"]
[EndTime "10:15:43 PDT"]
[Termination "XDPS won on time"]

1. e4 c5 2. Nf3 d6 3. d4 cxd4 4. Nxd4 Nf6 5. Nc3 Nc6 6. Be2 e5 7. Nf3 h6 8. h3 Be7 9. O-O O-O 10. Re1 a6 11. a4 Qc7 12. Bf1 Be6 13. Nd5 Bxd5 14.
exd5 Nb4 15. c4 a5 16. Ra3 Nd7 17. Nd4 exd4 18. Rxe7 Qd8 19. Re1 Nc5 20. Rg3 Kh8 21.
Qxd4 f6 22. Bxh6 gxh6 23. Qh4 Qd7 24. Rg6 Rf7 25. Rxh6+ Rh7 26. Qxf6+ Qg7 27. Rxh7+ Kxh7 28. Re7 Rg8 29. Qxd6 1-0

[Event "*** SCC Grand Prix: Titled Tuesday Blitz"]
[Site "Chess.com"]
[Date "2020.07.21"]
[Round "2"]
[White "LastHeroJr"]
[Black "memer5334"]
[Result "1-0"]
[WhiteElo "2444"]
[BlackElo "2227"]
[TimeControl "180+1"]
[EndTime "10:15:43 PDT"]
[Termination "LastHeroJr won by resignation"]

1. e4 b6 2. d4 Bb7 3. Nc3 e5 4. dxe5 Nc6 5. Nf3 f6 6. exf6 Nxf6 7. Bd3 Bd6 8. O-O O-O 9. Bg5 Ne5 10. Nd5 Bxd5 11. exd5 h6 12. Bh4 g5 13. Bg3 Nxf3+ 14.
Qxf3 Bxg3 15. fxg3 Qe7 16. Qf5 Rae8 17. Qg6+ Qg7 18.
Rxf6 Rxf6 19. Qxe8+ Rf8 20. Qe4 Rf6 21. Re1 Qf7 22. Qe8+ Qxe8 23. Rxe8+ Kf7 24. Re2 Rd6 25. c4 Kf6 26. Kf2 a5 27. Ke3 Ke5 28. Rf2 Rf6 29.
Rxf6 Kxf6 30. Ke4 1-0